 Dungeon Crawl Stone Soup version 0.23.2-1-ga50397a6bc (webtiles) character file.

Game seed: 3088853672792563547

919 Kobolds4U the Fighter (level 7, 0/70 HPs)
             Began as a Minotaur Fighter on Apr 25, 2019.
             Was an Initiate of Qazlal.
             Slain by a gnoll
             ... wielding a +0 whip
              (3 damage)
             ... on level 6 of the Dungeon.
             The game lasted 00:08:11 (4803 turns).

Kobolds4U the Fighter (Minotaur Fighter)            Turns: 4803, Time: 00:08:12

Health: 0/70       AC:  7    Str: 21    XL:     7   Next: 83%
Magic:  6/6        EV: 10    Int:  6    God:    Qazlal [......]
Gold:   387        SH:  9    Dex: 10    Spells: 6/6 levels left

rFire    . . .     SeeInvis .   p - +1 whip (elec)
rCold    . . .     Gourm    .   c - +0 shield
rNeg     . . .     Faith    .   i - +0 leather armour (curse)
rPois    .         Spirit   .   (helmet restricted)
rElec    .         Reflect  .   y - +1 cloak
rCorr    .         Harm     .   u - +0 pair of gloves
MR       .....     Rnd*Tele +   E - +0 pair of boots
Stlth    ..........             A - amulet of inaccuracy (curse)
HPRegen  0.21/turn              j - ring of teleportation (curse)
MPRegen  0.10/turn              k - ring of attention (curse)

@: no status effects
A: retaliatory headbutt, horns 2
a: Renounce Religion


You were on level 6 of the Dungeon.
You worshipped Qazlal.
Qazlal was noncommittal.
You were not hungry.

You visited 2 branches of the dungeon, and saw 7 of its levels.
You also visited: Sewer.

You collected 387 gold pieces.

Inventory:

Hand Weapons
 a - a +0 war axe
 n - a +1 hand axe of chopping
 p - a +1 whip of electrocution (weapon)
Missiles
 F - 5 javelins (quivered)
Armour
 b - a +0 scale mail
 c - a +0 shield (worn)
 i - a cursed +0 leather armour (worn)
 s - a cursed -1 chain mail
 u - a +0 pair of gloves (worn)
 y - a +1 cloak (worn)
 E - a +0 pair of boots (worn)
Jewellery
 j - a cursed ring of teleportation (left hand)
 k - a cursed ring of attention (right hand)
 l - an uncursed ring of poison resistance {unknown}
 A - a cursed amulet of inaccuracy (around neck)
Wands
 x - a wand of digging (5)
Scrolls
 q - 4 scrolls of teleportation
 t - 4 scrolls of identify
 w - a scroll of fear
 D - a scroll of remove curse {unknown}
Potions
 d - 2 potions of might
 e - 4 potions of curing {unknown}
 g - a potion of heal wounds {unknown}
 h - 3 potions of flight {unknown}
 m - 4 potions of berserk rage {unknown}
 o - a potion of invisibility {unknown}
 r - a potion of magic {unknown}
 v - a potion of resistance {unknown}
 z - a potion of degeneration {unknown}
 C - a potion of agility {unknown}
 G - a potion of haste {unknown}
Comestibles
 f - 10 rations
 B - 3 chunks of flesh


   Skills:
 * Level 9.1 Fighting
 + Level 6.1 Axes
 - Level 3.6 Armour
 + Level 3.2 Dodging
 - Level 3.6 Shields


You had 6 spell levels left.
You didn't know any spells.
Your spell library was empty.

Dungeon Overview and Level Annotations

Branches:
Dungeon (6/15)             Temple (1/1) D:5

Altars:
Ashenzari
Dithmenos
Elyvilon
Gozag
Hepliaklqana
Kikubaaqudgha
Makhleb
Qazlal
Ru
Uskayaw
Wu Jian
Yredelemnul
The Shining One


Innate Abilities, Weirdness & Mutations

You reflexively headbutt those who attack you in melee.
You have a pair of horns on your head.


Message History

You see here a +0 spear.
You hit the gnoll.
The gnoll is lightly wounded.
The gnoll hits you with a +0 whip.
* * * LOW HITPOINT WARNING * * *
You block the gnoll's attack. You block the gnoll shaman's attack.
You hit the gnoll. Lightning courses through the gnoll!!
You kill the gnoll!
Qazlal accepts your kill. The gnoll hits you but does no damage.
The gnoll shaman hits you but does no damage.
You hit the gnoll shaman but do no damage.
The gnoll shaman is moderately wounded.
You block the gnoll's attack.
The gnoll shaman hits you with a +0 whip.
* * * LOW HITPOINT WARNING * * *
You hit the gnoll shaman.
The gnoll shaman is heavily wounded.
The gnoll hits you with a +0 whip.
You die...

# .# ####+#
..#
#..).##...#
#..gg.$...#
#..)@....>#
##...##...#
##### ...#
..# .# .#


You could see a gnoll shaman and a gnoll.

Vanquished Creatures
  2 ogres
  A bullfrog (D:6)
  A scorpion (D:4)
  3 vampire bats (D:3)
  A crimson imp (D:5)
  A bullfrog zombie (D:5)
  A bullfrog skeleton (D:5)
  2 worker ants (D:4)
  An iguana (D:6)
  A hound skeleton (D:5)
  7 gnolls
  6 adders
  4 river rats (D:4)
  5 oozes (Sewer)
  8 worms
  5 dart slugs
  3 leopard geckos
  7 orcs
  2 bat skeletons (D:3)
  2 bat zombies (D:3)
  6 giant cockroaches
  8 goblins
  3 hobgoblins
  16 jackals
  2 quokkas
  16 bats
  4 frilled lizards
  10 kobolds
  A leopard gecko skeleton (D:4)
  10 rats
139 creatures vanquished.

Notes
Turn   | Place    | Note
-------+----------+-------------------------------------------
     0 | D:1      | Kobolds4U the Minotaur Fighter began the quest for the Orb.
     0 | D:1      | Reached XP level 1. HP: 19/19 MP: 0/0
   113 | D:1      | Reached skill level 4 in Fighting
   114 | D:1      | Reached XP level 2. HP: 26/27 MP: 1/1
   394 | D:1      | Reached XP level 3. HP: 32/34 MP: 2/2
   639 | D:2      | Found a shadowy altar of Dithmenos.
   742 | D:2      | Found a faded altar of an unknown god.
   755 | D:2      | Reached skill level 5 in Fighting
  1178 | D:2      | Reached XP level 4. HP: 29/42 MP: 3/3
  1651 | D:3      | Found an ancient bone altar of Kikubaaqudgha.
  1659 | D:3      | Reached skill level 6 in Fighting
  1659 | D:3      | Reached XP level 5. HP: 38/50 MP: 4/4
  2441 | D:3      | Reached skill level 7 in Fighting
  2494 | D:3      | Found a basalt altar of Yredelemnul.
  2494 | D:3      | Found a hazy altar of Hepliaklqana.
  2650 | D:4      | Noticed an ogre
  2753 | D:4      | Reached XP level 6. HP: 43/60 MP: 5/5
  2919 | D:4      | Reached skill level 5 in Axes
  2919 | D:4      | Reached skill level 1 in Dodging
  3218 | D:4      | Found a glowing drain.
  3243 | Sewer    | Entered a sewer
  3255 | Sewer    | Reached XP level 7. HP: 50/67 MP: 6/6
  3391 | Sewer    | Reached skill level 8 in Fighting
  4067 | D:5      | Entered Level 5 of the Dungeon
  4080 | D:5      | Found a staircase to the Ecumenical Temple.
  4183 | D:5      | Found a glowing golden altar of the Shining One.
  4234 | Temple   | Entered the Ecumenical Temple
  4330 | Temple   | Became a worshipper of Qazlal Stormbringer
  4524 | D:5      | Found a sacrificial altar of Ru.
  4575 | D:5      | Found a white marble altar of Elyvilon.
  4579 | D:5      | Found a glowing golden altar of the Shining One.
  4775 | D:6      | Reached skill level 9 in Fighting
  4802 | D:6      | HP: 2/70 [gnoll shaman/+0 whip (4)]
  4803 | D:6      | Slain by a gnoll

Skill      XL: |  1  2  3  4  5  6  7 |
---------------+----------------------+-----
Fighting       | 4 5 6 7 9 |  9.1
Axes           | 3 4 5 6 |  6.1
Dodging        | 1 3 |  3.2
Armour         | |  3.6
Shields        | |  3.6

Action                   |  1- 3 |  4- 6 |  7- 9 || total
-------------------------+-------+-------+-------++-------
Melee: War axe           |    47 |       |       ||    47
       Headbutt          |    14 |    17 |    18 ||    49
       Hand axe          |    30 |    41 |       ||    71
       Whip              |       |   127 |   107 ||   234
  Use: Scroll            |       |     8 |     1 ||     9
  Eat: Chunk             |     1 |     6 |     6 ||    13
Armor: Scale mail        |    11 |       |       ||    11
       Leather armour    |    10 |    60 |    29 ||    99
Dodge: Dodged            |    21 |    54 |    43 ||   118
Block: Shield            |    43 |    93 |    53 ||   189
